 Dungeon Crawl Stone Soup version 0.18-a0-1570-gf60b0ab (webtiles) character file.

158 Eucla the Caller (level 5, -6/31 HPs)
             Began as an Octopode Summoner on Mar 14, 2016.
             Mangled by an ogre
             ... wielding a +0 giant spiked club
              (25 damage)
             ... on level 4 of the Dungeon.
             The game lasted 00:04:13 (2484 turns).

Eucla the Caller (Octopode Summoner)                Turns: 2484, Time: 00:04:13

Health: -6/31      AC:  6    Str:  7    XL:     5   Next: 39%
Magic:  4/8        EV: 12    Int: 18    God:
Gold:   154        SH:  0    Dex: 13    Spells: 2 memorised, 5 levels left

rFire  . . .     SeeInvis .     j - +0 dagger (venom)
rCold  . . .     Gourm    .     (no shield)
rNeg   . . .     Faith    .     (helmet restricted)
rPois  +         Spirit   .     (no amulet)
rElec  .         Dismiss  .     d - +3 ring of protection
rCorr  .         Reflect  .     q - +2 ring of protection
SustAt .         Harm     .     (no ring)
MR     .....                    (no ring)
Stlth  +++.......               (no ring)
                                (no ring)
                                (no ring)
                                (no ring)

@: not resistant to hostile enchantments, fairly stealthy
A: almost no armour, amphibious, 8 rings, constrict 8, camouflage 1, mutation
resistance 1, poison resistance, gelatinous body 1
a: no special abilities


You were on level 4 of the Dungeon.
You were not hungry.

You visited 1 branch of the dungeon, and saw 4 of its levels.

You collected 154 gold pieces.

Inventory:

Hand Weapons
 e - a +0 short sword
 j - a +0 dagger of venom (weapon)
 n - a +0 spear
 p - a +2 hunting sling of flaming
 t - a +1 short sword of venom
Missiles
 m - 13 poisoned needles
 r - 85 stones (quivered)
 w - 23 sling bullets
Jewellery
 d - a +3 ring of protection (left tentacle)
 q - a +2 ring of protection (right tentacle)
 x - a cursed ring of positive energy {unknown}
Wands
 u - a wand of random effects (28/48)
Scrolls
 c - 4 scrolls of identify {unknown}
 g - a scroll of immolation {unknown}
 i - a scroll of enchant weapon {unknown}
 k - a scroll of blinking {unknown}
 l - a scroll of magic mapping {unknown}
 s - a scroll of remove curse {unknown}
Potions
 h - 3 potions of heal wounds {unknown}
 o - a potion of curing
Books
 a - a book of Callings

   Spells                             Type                      Level
   a - Summon Small Mammal            Summoning                    1
   b - Call Imp                       Summoning                    2
   c - Call Canine Familiar           Summoning                    3
   d - Summon Guardian Golem          Hexes/Summoning              3
   e - Summon Lightning Spire         Summoning/Air                4
   f - Summon Ice Beast               Ice/Summoning                4
Comestibles
 b - 4 bread rations
 f - 6 fruits
 v - a meat ration


   Skills:
 - Level 2.0 Dodging
 - Level 2.6 Stealth
 - Level 2.0 Spellcasting
 + Level 6.5 Summonings


You had 5 spell levels left.
You knew the following spells:

 Your Spells              Type           Power        Failure   Level  Hunger
a - Summon Small Mammal   Summ           ####         1%          1    #......
b - Call Imp              Summ           ####....     1%          2    ###....


Dungeon Overview and Level Annotations

Branches:
Dungeon (4/15)
 Temple: D:4-7

Altars:
Pakellas
Vehumet


Innate Abilities, Weirdness & Mutations

You cannot wear most types of armour.
You are amphibious.
You can wear up to eight rings at the same time.
You can use your tentacles to constrict eight enemies at once.
Your skin changes colour to match your surroundings (Stealth).
Your rubbery body absorbs attacks (AC +1).
You are somewhat resistant to further mutation.
Your system is resistant to poisons.


Message History

Found 18 gold pieces.
An ogre comes into view. It is wielding a giant spiked club.
Found a stone staircase leading up.
Your white imp disappears in a puff of smoke!
Found 15 gold pieces.
The ogre shouts!
You see here 18 gold pieces.
Casting: Call Imp
Confirm with . or Enter, or press ? or * to list all spells.
A beastly little devil appears in a puff of flame.
Casting: Call Imp
Confirm with . or Enter, or press ? or * to list all spells.
A beastly little devil appears in a puff of flame.
Your crimson imp hits the ogre.
Your crimson imp blinks!
Your crimson imp hits the ogre.
Your crimson imp blinks!
The ogre hits you with a giant spiked club!!
Ouch! That really hurt!
You die...

#......##########.........
+......+...####.#)........
#......###......##)#####..
#......##.......)).#
#......##.##....)).#
#......##.##...###.#
#...... #.###### #.#
#.########+##
#@...........
##.O..........
+.............
###...........
#...$....... +....5......
#........... #...........
#........<..


You could see an ogre and a friendly crimson imp.

Vanquished Creatures
  A scorpion (D:4)
  A gnoll (D:1)
  An adder (D:3)
  3 dart slugs (D:1)
  3 giant geckos (D:1)
  11 bats
  A giant cockroach (D:1)
  9 goblins
  9 hobgoblins
  4 jackals (D:4)
  3 quokkas
  A ball python (D:2)
  4 giant newts
  11 kobolds
  3 rats
65 creatures vanquished.

Vanquished Creatures (collateral kills)
  Robin (D:4)
  A dart slug (D:4)
  2 goblins (D:4)
  3 hobgoblins (D:4)
7 creatures vanquished.

Grand Total: 72 creatures vanquished

Notes
Turn   | Place    | Note
--------------------------------------------------------------
     0 | D:1      | Eucla the Octopode Summoner began the quest for the Orb.
     0 | D:1      | Reached XP level 1. HP: 11/11 MP: 3/3
   308 | D:1      | Reached XP level 2. HP: 10/17 MP: 5/5
   416 | D:1      | Learned a level 2 spell: Call Imp
   837 | D:1      | Reached XP level 3. HP: 16/21 MP: 6/6
   870 | D:1      | Reached skill level 5 in Summonings
  1204 | D:2      | Gained mutation: You are somewhat resistant to further mutation. [potion of beneficial mutation]
  1207 | D:2      | Gained mutation: Your system is resistant to poisons. [potion of beneficial mutation]
  1362 | D:2      | Reached XP level 4. HP: 25/27 MP: 7/7
  1397 | D:2      | Found an oddly glowing altar of Pakellas.
  1470 | D:2      | Found a radiant altar of Vehumet.
  2423 | D:4      | Reached skill level 6 in Summonings
  2423 | D:4      | Reached XP level 5. HP: 28/31 MP: 5/8
  2432 | D:4      | Noticed Robin
  2435 | D:4      | Killed Robin
  2469 | D:4      | Noticed an ogre
  2484 | D:4      | Mangled by an ogre

Vault maps used:
D:1:      tarquinn_simple_flora_water_a
D:2:      grunt_pakellas_basics, lemuel_round_altar, first_bread
D:4:      uniq_robin, uniq_sigmund, uniq_edmund

Skill      XL: |  1  2  3  4 |
---------------+-------------+-----
Summonings     | 5 6 |  6.5
Dodging        | |  2.0
Stealth        | |  2.6
Spellcasting   | |  2.0

Action                   |  1- 3 |  4- 6 || total
-------------------------+-------+-------++-------
Melee: Unarmed           |    24 |       ||    24
       Short sword       |    19 |       ||    19
       Dagger            |    18 |    69 ||    87
       Spear             |    16 |       ||    16
 Cast: Call Imp          |       |     3 ||     3
  Use: Potion            |     4 |       ||     4
 Stab: Sleeping          |    13 |     1 ||    14
       Distracted        |       |     1 ||     1
  Eat: Chunk             |     1 |     4 ||     5
